 Dungeon Crawl Stone Soup version 0.29.0-4-gdea44cf6ec (webtiles) character file.

Game seed: 3541977600306028439

758 qw the Cleaver (level 7, -2/61 HPs)
             Began as a Minotaur Fighter on Sept 6, 2022.
             Slain by a water moccasin (8 damage)
             ... on level 5 of the Dungeon.
             The game lasted 00:01:53 (4802 turns).

qw the Cleaver (Minotaur Fighter)                   Turns: 4802, Time: 00:01:54

Health: -2/61      AC:  8    Str: 23    XL:     7   Next: 50%
Magic:  6/6        EV:  9    Int:  5    God:
Gold:   152        SH:  4    Dex:  9    Spells: 6/6 levels left

rFire   . . .      SeeInvis .   Y - +0 war axe
rCold   + . .      Faith    .   c - +0 buckler
rNeg    . . .      Spirit   .   b - +0 scale mail
rPois   .          Reflect  .   (helmet restricted)
rElec   .          Harm     .   (no cloak)
rCorr   .          Rampage  .   (no gloves)
Will    +....                   (no boots)
Stlth   ..........              (no amulet)
HPRegen 0.20/turn               (no ring)
MPRegen 0.10/turn               (no ring)

@: lethally poisoned (-2 -> -16)
A: horns 2, retaliatory headbutt, iridescent scales 1, cold resistance 1,
strong-willed 1, evolution 1, no potion heal 1
a: no special abilities


You were on level 5 of the Dungeon.
You visited 1 branch of the dungeon, and saw 5 of its levels.

You collected 152 gold pieces.


Innate Abilities, Weirdness & Mutations

You have a pair of horns on your head.
You reflexively headbutt those who attack you in melee.
You are partially covered in iridescent scales. (AC +2)
Your flesh is cold resistant. (rC+)
You are strong-willed. (Will+)
You have hidden genetic potential.
Potions are less effective at restoring your health.


   Skills:
 - Level 5.1 Fighting
 + Level 9.5 Axes
 - Level 3.6 Armour
 - Level 1.0 Dodging
 - Level 3.6 Shields


You had 6 spell levels left.
You didn't know any spells.
Your spell library was empty.

Inventory:

Hand Weapons
 f - a +1 morningstar of flaming
 Y - a +0 war axe (weapon)
Armour
 b - a +0 scale mail (worn)
 c - a +0 buckler (worn)
Scrolls
 h - a scroll of identify
Potions
 a - 2 potions of curing
 d - a potion of might
 g - a potion of cancellation
 i - a potion of haste {unknown}
 j - a potion of resistance {unknown}

Dungeon Overview and Level Annotations

Branches:
Dungeon (5/15)
 Temple: D:4-7

Altars:
Ashenzari
Cheibriados
Elyvilon
Fedhas
Makhleb
Wu Jian
Zin

Annotations:
D:1 1 transporter


Message History

You feel very sick.
The orc hits you with a +2 dagger of venom.
You are more poisoned.
You hit the orc.
You kill the orc!
You feel very sick.
You start resting.
You feel very sick. x3
You feel sick. x7
You are no longer poisoned.
A water moccasin comes into view.
4794 ||| Stepping ~*~*~tactically~*~*~ (stealth).
4795 ||| Stepping ~*~*~tactically~*~*~ (stealth).
You hit the water moccasin.
You headbutt the water moccasin, but do no damage.
The water moccasin is lightly wounded.
The water moccasin barely misses you. The water moccasin bites you!
You hit the water moccasin but do no damage.
Your headbutt misses the water moccasin.
The water moccasin is lightly wounded.
The water moccasin bites you!
You are poisoned.
The water moccasin poisons you!
You hit the water moccasin.
Your headbutt misses the water moccasin.
The water moccasin is lightly wounded.
You feel very sick. The water moccasin bites you. x2
You are lethally poisoned!
The water moccasin poisons you!
You closely miss the water moccasin.
The water moccasin is lightly wounded.
You feel very sick. The water moccasin closely misses you.
You furiously retaliate!
You headbutt the water moccasin. You barely miss the water moccasin.
The water moccasin is moderately wounded.
You feel very sick. The water moccasin bites you!
You die...

########
##......##
##........#
#.........##
#..........#
##).........#
#.).S.......#
#...###@......###
.....##
#######...####
.... ###....####
... ####....## .o
##..... o ###...
###. ##


You could see a water moccasin.

Vanquished Creatures
  Sigmund (D:2)
  Duvessa (D:4)
  A scorpion (D:4)
  Dowan (D:4)
  A hound (D:4)
  2 orc priests (D:4)
  Terence (D:2)
  Natasha (twice) (D:2)
  2 orc wizards
  7 adders
  An ufetubus (D:4)
  A worm (D:2)
  3 dart slugs
  16 orcs
  3 bats (D:3)
  7 endoplasms
  A giant cockroach (D:1)
  4 goblins
  11 hobgoblins
  3 jackals (D:4)
  7 kobolds
  2 quokkas
  13 ball pythons
  5 frilled lizards
  5 rats
101 creatures vanquished.

Notes
Turn   | Place    | Note
-------+----------+-------------------------------------------
     0 | D:1      | qw the Minotaur Fighter began the quest for the Orb.
     0 | D:1      | Reached XP level 1. HP: 19/19 MP: 0/0
     0 | D:1      | 0 ||| qw: Version: 0.1-a-108-g9e35731
     0 | D:1      | 0 ||| qw: Game counter: 6227
     0 | D:1      | 0 ||| qw: Always use a shield: true
     0 | D:1      | 0 ||| qw: God list: Ru
     0 | D:1      | 0 ||| qw: Allow faded altars: false
     0 | D:1      | 0 ||| qw: Do Orc after D:15 true
     0 | D:1      | 0 ||| qw: Do second Lair branch before Depths: true
     0 | D:1      | 0 ||| qw: Lair rune preference: random
     0 | D:1      | 0 ||| qw: Plans: Normal
     0 | D:1      | 0 ||| PLANNING D:1-11
   157 | D:1      | Reached skill level 3 in Axes
   158 | D:1      | 158 ||| Stepping ~*~*~tactically~*~*~ (stealth).
   191 | D:1      | 191 ||| Stepping ~*~*~tactically~*~*~ (stealth).
   194 | D:1      | 194 ||| Stepping ~*~*~tactically~*~*~ (stealth).
   204 | D:1      | Reached XP level 2. HP: 22/26 MP: 1/1
   280 | D:1      | 280 ||| Stepping ~*~*~tactically~*~*~ (stealth).
   319 | D:1      | Reached skill level 4 in Axes
   437 | D:1      | 437 ||| Stepping ~*~*~tactically~*~*~ (stealth).
   456 | D:1      | Reached XP level 3. HP: 28/31 MP: 2/2
   664 | D:1      | 664 ||| READING scroll labelled DAGIEXTIGE.
   665 | D:1      | 665 ||| READING scroll labelled LAOFUO YXEAF.
   809 | D:2      | Noticed Natasha
   815 | D:2      | Killed Natasha
   816 | D:2      | Reached skill level 5 in Axes
   861 | D:2      | 861 ||| Stepping ~*~*~tactically~*~*~ (stealth).
   862 | D:2      | 862 ||| Stepping ~*~*~tactically~*~*~ (stealth).
   864 | D:2      | 864 ||| Stepping ~*~*~tactically~*~*~ (stealth).
   954 | D:2      | Reached skill level 1 in Dodging
   954 | D:2      | Reached XP level 4. HP: 35/39 MP: 3/3
   993 | D:2      | Noticed Sigmund
  1002 | D:2      | Killed Sigmund
  1003 | D:2      | Reached skill level 7 in Axes
  1003 | D:2      | Reached XP level 5. HP: 35/45 MP: 4/4
  1084 | D:2      | Noticed Terence
  1086 | D:2      | 1086 ||| Stepping ~*~*~tactically~*~*~ (stealth).
  1088 | D:2      | 1088 ||| Stepping ~*~*~tactically~*~*~ (stealth).
  1091 | D:2      | Killed Terence
  1194 | D:2      | 1194 ||| FLEEEEING.
  1195 | D:2      | 1195 ||| FLEEEEING.
  1196 | D:2      | 1196 ||| FLEEEEING.
  1197 | D:2      | 1197 ||| FLEEEEING.
  1198 | D:2      | 1198 ||| FLEEEEING.
  1199 | D:2      | 1199 ||| FLEEEEING.
  1200 | D:2      | 1200 ||| FLEEEEING.
  1201 | D:2      | 1201 ||| FLEEEEING.
  1202 | D:2      | 1202 ||| FLEEEEING.
  1204 | D:2      | 1204 ||| FLEEEEING.
  1205 | D:2      | 1205 ||| FLEEEEING.
  1206 | D:2      | 1206 ||| FLEEEEING.
  1207 | D:2      | 1207 ||| FLEEEEING.
  1208 | D:2      | 1208 ||| FLEEEEING.
  1209 | D:2      | 1209 ||| FLEEEEING.
  1210 | D:2      | 1210 ||| STAIRDANCE
  1264 | D:1      | 1264 ||| READING scroll labelled NOVVEM BYTOR.
  1289 | D:2      | 1289 ||| STAIRDANCE
  1357 | D:2      | 1357 ||| Stepping ~*~*~tactically~*~*~ (stealth).
  1360 | D:2      | 1360 ||| Stepping ~*~*~tactically~*~*~ (stealth).
  1382 | D:2      | 1382 ||| Stepping ~*~*~tactically~*~*~ (stealth).
  1383 | D:2      | 1383 ||| DROPPING +3 mace.
  1515 | D:2      | Noticed Natasha
  1518 | D:2      | Killed Natasha
  1519 | D:2      | Reached XP level 6. HP: 45/52 MP: 5/5
  1803 | D:2      | 1803 ||| READING scroll labelled UCALIE ZAGG.
  1804 | D:2      | 1804 ||| READING 3 scrolls labelled IDOKUS WECVAOSM.
  1805 | D:2      | 1805 ||| READING scroll labelled XEHYOG YPLYADU.
  1806 | D:2      | 1806 ||| READING 2 scrolls of identify.
  1806 | D:2      | 1806 ||| IDENTIFYING fizzy purple potion
  1807 | D:2      | 1807 ||| Stepping randomly (stuck).
  1808 | D:2      | 1808 ||| Stepping ~*~*~tactically~*~*~ (cloud).
  1909 | D:3      | 1909 ||| Stepping ~*~*~tactically~*~*~ (stealth).
  2351 | D:3      | Found the +4 dagger "Morg" {pain, Will+ Int+5}
  2359 | D:3      | 2359 ||| Stepping ~*~*~tactically~*~*~ (stealth).
  2552 | D:3      | 2552 ||| Stepping ~*~*~tactically~*~*~ (stealth).
  2586 | D:3      | 2586 ||| Stepping ~*~*~tactically~*~*~ (stealth).
  2593 | D:3      | Reached skill level 8 in Axes
  2600 | D:3      | Found a glowing silver altar of Zin.
  2604 | D:3      | Found a burning altar of Makhleb.
  2604 | D:3      | Found a blossoming altar of Fedhas.
  2617 | D:3      | Found an ornate altar of the Wu Jian Council.
  2620 | D:3      | Found a snail-covered altar of Cheibriados.
  2736 | D:3      | 2736 ||| Stepping ~*~*~tactically~*~*~ (stealth).
  2783 | D:3      | 2783 ||| READING scroll labelled FAEFULLUMO.
  2784 | D:3      | 2784 ||| READING scroll labelled ORUUNGATT.
  2785 | D:3      | 2785 ||| DRINKING 2 metallic dark potions.
  2785 | D:3      | Gained mutation: You are partially covered in iridescent
                  | scales. (AC +2) [potion of mutation]
  2785 | D:3      | Gained mutation: You sometimes lose your temper in combat.
                  | [potion of mutation]
  2785 | D:3      | Gained mutation: You have hidden genetic potential. [potion
                  | of mutation]
  2786 | D:3      | 2786 ||| DRINKING potion of mutation.
  2786 | D:3      | Lost mutation: You sometimes lose your temper in combat.
                  | [potion of mutation]
  2786 | D:3      | Lost mutation: You are partially covered in iridescent
                  | scales. (AC +2) [potion of mutation]
  2786 | D:3      | Gained mutation: Potions are less effective at restoring
                  | your health. [potion of mutation]
  2786 | D:3      | Gained mutation: You are strong-willed. (Will+) [potion of
                  | mutation]
  2786 | D:3      | Gained mutation: You are partially covered in iridescent
                  | scales. (AC +2) [potion of mutation]
  2787 | D:3      | 2787 ||| READING 3 scrolls of identify.
  2787 | D:3      | 2787 ||| IDENTIFYING fuming purple potion
  2788 | D:3      | 2788 ||| READING 2 scrolls of identify.
  2788 | D:3      | 2788 ||| IDENTIFYING murky yellow potion
  2789 | D:3      | 2789 ||| DROPPING potion of brilliance.
  2790 | D:3      | 2790 ||| DROPPING potion of attraction.
  2806 | D:4      | 2806 ||| STAIRDANCE
  2837 | D:4      | 2837 ||| STAIRDANCE
  2947 | D:4      | 2947 ||| Stepping ~*~*~tactically~*~*~ (hiding).
  2948 | D:4      | 2948 ||| Stepping ~*~*~tactically~*~*~ (stealth).
  3306 | D:4      | 3306 ||| Stepping ~*~*~tactically~*~*~ (stealth).
  3512 | D:4      | Noticed Duvessa
  3512 | D:4      | Noticed Dowan
  3513 | D:4      | 3513 ||| Stepping ~*~*~tactically~*~*~ (stealth).
  3515 | D:4      | 3515 ||| Stepping ~*~*~tactically~*~*~ (hiding).
  3522 | D:4      | Killed Dowan
  3523 | D:4      | Reached skill level 9 in Axes
  3523 | D:4      | Reached XP level 7. HP: 33/59 MP: 6/6
  3526 | D:4      | HP: 2/59 [Duvessa/+0 short sword (16)]
  3527 | D:4      | 3527 ||| READING 2 scrolls of teleportation.
  3579 | D:4      | 3579 ||| READING scroll of teleportation.
  3580 | D:4      | HP: 7/59 [Duvessa/+0 short sword (3)]
  3894 | D:4      | Killed Duvessa
  3906 | D:4      | Gained mutation: Your flesh is cold resistant. (rC+)
                  | [hidden potential]
  4107 | D:4      | 4107 ||| Stepping ~*~*~tactically~*~*~ (stealth).
  4108 | D:4      | 4108 ||| Stepping ~*~*~tactically~*~*~ (stealth).
  4110 | D:4      | 4110 ||| Stepping ~*~*~tactically~*~*~ (stealth).
  4116 | D:4      | 4116 ||| Stepping ~*~*~tactically~*~*~ (stealth).
  4117 | D:4      | 4117 ||| Stepping ~*~*~tactically~*~*~ (stealth).
  4118 | D:4      | 4118 ||| Stepping ~*~*~tactically~*~*~ (stealth).
  4121 | D:4      | 4121 ||| Stepping ~*~*~tactically~*~*~ (stealth).
  4164 | D:4      | 4164 ||| Stepping ~*~*~tactically~*~*~ (stealth).
  4165 | D:4      | 4165 ||| Stepping ~*~*~tactically~*~*~ (stealth).
  4657 | D:4      | 4657 ||| READING 3 scrolls of identify.
  4657 | D:4      | 4657 ||| IDENTIFYING blue potion
  4658 | D:4      | 4658 ||| READING 2 scrolls of identify.
  4658 | D:4      | 4658 ||| IDENTIFYING puce potion
  4659 | D:4      | 4659 ||| DROPPING potion of flight.
  4673 | D:5      | Entered Level 5 of the Dungeon
  4693 | D:5      | Found a white marble altar of Elyvilon.
  4694 | D:5      | Found a broken altar of Ashenzari.
  4724 | D:5      | 4724 ||| Stepping ~*~*~tactically~*~*~ (stealth).
  4794 | D:5      | 4794 ||| Stepping ~*~*~tactically~*~*~ (stealth).
  4795 | D:5      | 4795 ||| Stepping ~*~*~tactically~*~*~ (stealth).
  4801 | D:5      | HP: 11/61 [poisoned by a water moccasin]
  4802 | D:5      | Slain by a water moccasin

Levels and vault maps discovered:
D:1:      spicycebolla_arrival_risky_transporter, layout_basic
D:2:      layout_basic, minmay_pentomino_pile, uniq_natasha, uniq_terence,
          uniq_sigmund
D:3:      layout_loops_ring, minmay_overflow_temple_star_hex
D:4:      layout_layer_cave, uniq_duvessa
D:5:      layout_cave_pods, mainiacjoe_overflow_alcove_2,
          grunt_temple_overflow_open, nicolae_dithmenos_the_darkroom,
          temple_doors_e

Skill      XL: |  1  2  3  4  5  6  7 |
---------------+----------------------+-----
Axes           | 3 4 5 7 9 |  9.5
Dodging        | 1 |  1.0
Fighting       | 4 5 |  5.1
Armour         | |  3.6
Shields        | |  3.6

Action                   |  1- 3 |  4- 6 |  7- 9 || total
-------------------------+-------+-------+-------++-------
Melee: War axe           |    60 |   152 |    56 ||   268
       Headbutt          |     6 |    21 |    10 ||    37
  Use: Scroll            |     2 |     9 |     4 ||    15
       Potion            |       |     2 |       ||     2
Armor: Scale mail        |    20 |    50 |    13 ||    83
Dodge: Dodged            |    25 |    53 |    17 ||    95
Block: Buckler           |     6 |    24 |     9 ||    39

Table legend:
 A = Non-vault XP
 B = Vault XP
 C = Vault XP percentage of total XP
 D = Non-vault monster count
 E = Vault monster count
 F = Vault count percentage of total count
                 A         B        C        D         E       F
            +---------+---------+-------+---------+---------+-------
      Total |     546 |     537 |  49.6 |      90 |      11 |  10.9
            +---------+---------+-------+---------+---------+-------
        D:1 |      48 |       0 |   0.0 |      26 |       0 |   0.0
        D:2 |      65 |     321 |  83.2 |      12 |       9 |  42.9
        D:3 |     104 |       0 |   0.0 |      21 |       0 |   0.0
        D:4 |     320 |     216 |  40.3 |      28 |       2 |   6.7
        D:5 |       9 |       0 |   0.0 |       3 |       0 |   0.0
            +---------+---------+-------+---------+---------+-------
